[ AOE2 MATCH · #505022920 ]
UnrankedKoreans vs Mapuche
Player's team · WIN
Rival team · LOSS
[ REPLAY ANALYSIS · EXTRACTED FROM THE RECORDED GAME ]
Feudal
8:54
Castle
19:12
Imperial
—
| APM avg | 80.7 |
| APM peak | 121 |
| eAPM avg | 52.5 |
| Villagers / military | 160 / 64 |
Focus
⚔️ 56.9% · 🌾 43.1%
Fire Lancer ×22 · War Wagon ×21 · Skirmisher ×9 · Archer ×7 · Iron Pagoda ×4 · Spearman ×1
Feudal
8:51
Castle
22:48
Imperial
—
| APM avg | 91.7 |
| APM peak | 127 |
| eAPM avg | 42.9 |
| Villagers / military | 137 / 35 |
Focus
⚔️ 55.6% · 🌾 44.4%
Unknown (2550) ×37 · Bolas Rider ×28 · Monk ×5 · Mangonel ×2
Match map
Initial resources + every placement click. Lines = walls · curves = elevation contours. ◆ gold · ⬟ stone · ● berries · ✦ relic · ◌ wall gap
Your base· Open — 4t gap
DS_Gali's base· Open — unwalled flank
Smoothed initial terrain · ◌ = detected wall gap · hover for details
Inputs per minute
— wR.Sebastian - - DS_Gali
Build order — wR.Sebastian
First 150 of 376 actions detected
| 0:00 | Create | Villager (Male) |
| 0:02 | Build | House |
| 0:02 | Create | Villager (Male) |
| 0:02 | Build | House |
| 0:30 | Create | Villager (Male) |
| 0:40 | Create | Villager (Male) |
| 1:24 | Create | Villager (Male) |
| 2:03 | Create | Villager (Male) |
| 2:04 | Build | Lumber Camp |
| 2:11 | Build | House |
| 2:18 | Create | Villager (Male) |
| 2:43 | Create | Villager (Male) |
| 3:03 | Create | Villager (Male) |
| 3:43 | Create | Villager (Male) |
| 3:47 | Build | House |
| 4:13 | Create | Villager (Male) |
| 4:14 | Create | Villager (Male) |
| 4:22 | Create | Villager (Male) |
| 4:37 | Create | Villager (Male) |
| 4:41 | Create | Villager (Male) |
| 4:44 | Build | Mill |
| 6:15 | Create | Villager (Male) |
| 6:39 | Build | Lumber Camp |
| 6:44 | Research | Feudal Age |
| 6:44 | Research | Feudal Age |
| 7:45 | Create | Villager (Male) |
| 7:48 | Research | Loom |
| 7:53 | Build | Barracks |
| 8:02 | Build | House |
| 8:54 | Age | Feudal Age |
| 8:57 | Research | Double-Bit Axe |
| 8:58 | Create | Spearman |
| 9:02 | Build | Palisade Wall |
| 9:07 | Create | Villager (Male) |
| 9:11 | Create | Villager (Male) |
| 9:15 | Build | Archery Range |
| 9:21 | Create | Villager (Male) |
| 9:25 | Create | Villager (Male) |
| 9:31 | Create | Villager (Male) |
| 9:38 | Create | Villager (Male) |
| 9:56 | Create | Villager (Male) |
| 10:04 | Create | Villager (Male) |
| 10:10 | Create | Archer |
| 10:11 | Create | Skirmisher |
| 10:13 | Build | House |
| 10:23 | Create | Skirmisher |
| 10:24 | Create | Villager (Male) |
| 10:29 | Build | Palisade Wall |
| 10:31 | Build | Palisade Wall |
| 10:32 | Build | House |
| 10:35 | Build | House |
| 10:38 | Build | Palisade Wall |
| 10:42 | Create | Skirmisher |
| 10:50 | Create | Villager (Male) |
| 10:54 | Build | House |
| 10:56 | Build | Farm |
| 10:57 | Build | Farm |
| 11:00 | Research | Horse Collar |
| 11:00 | Research | Horse Collar |
| 11:01 | Create | Skirmisher |
| 11:08 | Create | Skirmisher |
| 11:15 | Create | Villager (Male) |
| 11:20 | Build | Farm |
| 11:26 | Create | Villager (Male) |
| 11:31 | Build | Palisade Wall |
| 11:37 | Build | Palisade Wall |
| 11:39 | Create | Villager (Male) |
| 11:43 | Build | Farm |
| 11:47 | Create | Villager (Male) |
| 11:55 | Create | Skirmisher |
| 12:00 | Build | Farm |
| 12:06 | Create | Villager (Male) |
| 12:16 | Build | House |
| 12:21 | Create | Skirmisher |
| 12:28 | Build | Farm |
| 12:30 | Create | Villager (Male) |
| 12:50 | Build | Farm |
| 12:55 | Build | Farm |
| 12:58 | Create | Villager (Male) |
| 13:01 | Build | Farm |
| 13:05 | Create | Villager (Male) |
| 13:19 | Build | Farm |
| 13:40 | Build | Farm |
| 13:46 | Build | Mining Camp |
| 13:48 | Create | Villager (Male) |
| 13:54 | Build | House |
| 13:56 | Create | Villager (Male) |
| 14:09 | Research | Wheelbarrow |
| 14:46 | Build | Blacksmith |
| 15:01 | Create | Villager (Male) |
| 15:10 | Build | Watch Tower |
| 15:12 | Build | House |
| 15:19 | Build | Palisade Wall |
| 15:21 | Create | Villager (Male) |
| 15:26 | Create | Villager (Male) |
| 15:33 | Build | Palisade Wall |
| 15:46 | Create | Villager (Male) |
| 16:01 | Build | Palisade Wall |
| 16:02 | Build | Palisade Wall |
| 16:05 | Create | Villager (Male) |
| 16:07 | Build | House |
| 16:24 | Create | Villager (Male) |
| 16:32 | Research | Castle Age |
| 16:36 | Build | Mining Camp |
| 17:05 | Create | Villager (Male) |
| 17:07 | Create | Skirmisher |
| 17:13 | Create | Skirmisher |
| 17:41 | Build | House |
| 17:42 | Build | House |
| 17:43 | Research | Scale Mail Armor |
| 17:59 | Build | Barracks |
| 18:09 | Create | Villager (Male) |
| 18:16 | Create | Villager (Male) |
| 18:38 | Create | Villager (Male) |
| 18:39 | Build | House |
| 18:42 | Build | Palisade Wall |
| 18:45 | Build | House |
| 18:47 | Build | Palisade Wall |
| 18:48 | Build | House |
| 18:49 | Create | Villager (Male) |
| 18:51 | Build | Palisade Wall |
| 18:56 | Build | Watch Tower |
| 19:11 | Build | Farm |
| 19:12 | Age | Castle Age |
| 19:15 | Build | Palisade Wall |
| 19:17 | Create | Villager (Male) |
| 19:27 | Build | Market |
| 19:42 | Create | Villager (Male) |
| 19:43 | Build | Palisade Wall |
| 20:01 | Build | Town Center |
| 20:14 | Create | Fire Lancer |
| 20:14 | Create | Fire Lancer |
| 20:17 | Research | Bow Saw |
| 20:20 | Build | Farm |
| 20:22 | Build | Farm |
| 20:24 | Build | Palisade Wall |
| 20:25 | Build | Palisade Wall |
| 20:38 | Build | House |
| 20:39 | Build | Palisade Wall |
| 20:40 | Create | Villager (Male) |
| 20:43 | Create | Villager (Male) |
| 20:53 | Create | Villager (Male) |
| 21:00 | Create | Fire Lancer |
| 21:00 | Create | Fire Lancer |
| 21:00 | Create | Fire Lancer |
| 21:00 | Create | Fire Lancer |
| 21:03 | Create | Villager (Male) |
| 21:19 | Create | Villager (Male) |
| 21:25 | Create | Villager (Male) |
| 21:26 | Build | Farm |
Build order — DS_Gali
First 150 of 351 actions detected
| 0:00 | Create | Villager (Male) |
| 0:01 | Build | House |
| 0:02 | Build | House |
| 0:05 | Create | Villager (Male) |
| 0:09 | Create | Villager (Male) |
| 0:10 | Create | Villager (Male) |
| 1:25 | Create | Villager (Male) |
| 1:53 | Build | Settlement |
| 2:00 | Create | Villager (Male) |
| 2:00 | Create | Villager (Male) |
| 2:15 | Create | Villager (Male) |
| 2:15 | Create | Villager (Male) |
| 2:47 | Create | Villager (Male) |
| 3:17 | Create | Villager (Male) |
| 3:39 | Create | Villager (Male) |
| 4:04 | Create | Villager (Male) |
| 4:04 | Create | Villager (Male) |
| 4:28 | Create | Villager (Male) |
| 4:54 | Create | Villager (Male) |
| 5:20 | Build | House |
| 5:22 | Create | Villager (Male) |
| 5:46 | Create | Villager (Male) |
| 6:07 | Build | Barracks |
| 6:11 | Build | Barracks |
| 6:13 | Create | Villager (Male) |
| 6:14 | Research | Loom |
| 6:41 | Research | Feudal Age |
| 6:42 | Research | Feudal Age |
| 7:12 | Create | Unit 2550 |
| 7:22 | Build | Settlement |
| 7:44 | Create | Unit 2550 |
| 8:15 | Create | Villager (Male) |
| 8:19 | Build | Settlement |
| 8:37 | Build | Outpost |
| 8:38 | Create | Villager (Male) |
| 8:51 | Age | Feudal Age |
| 8:53 | Create | Villager (Male) |
| 8:55 | Research | Tech 1402 |
| 9:15 | Create | Villager (Male) |
| 9:30 | Create | Villager (Male) |
| 9:39 | Create | Unit 2550 |
| 10:03 | Research | Double-Bit Axe |
| 10:19 | Build | Farm |
| 10:19 | Build | Farm |
| 10:29 | Create | Villager (Male) |
| 10:48 | Create | Unit 2550 |
| 10:56 | Build | Farm |
| 10:57 | Build | Farm |
| 11:00 | Create | Villager (Male) |
| 11:00 | Create | Villager (Male) |
| 11:02 | Build | Farm |
| 11:19 | Create | Villager (Male) |
| 11:21 | Build | Farm |
| 11:28 | Build | Farm |
| 11:42 | Build | House |
| 11:45 | Create | Unit 2550 |
| 11:46 | Create | Villager (Male) |
| 11:54 | Research | Horse Collar |
| 12:06 | Build | Farm |
| 12:14 | Create | Villager (Male) |
| 12:15 | Build | Outpost |
| 12:23 | Build | House |
| 12:33 | Create | Villager (Male) |
| 12:36 | Build | Farm |
| 12:47 | Build | Farm |
| 12:58 | Build | House |
| 13:00 | Create | Villager (Male) |
| 13:02 | Create | Unit 2550 |
| 13:17 | Research | Town Watch |
| 13:17 | Research | Town Watch |
| 13:20 | Build | Outpost |
| 13:34 | Create | Villager (Male) |
| 13:37 | Build | Blacksmith |
| 13:39 | Create | Unit 2550 |
| 13:43 | Create | Villager (Male) |
| 13:58 | Create | Villager (Male) |
| 14:04 | Create | Unit 2550 |
| 14:14 | Build | Settlement |
| 14:16 | Create | Villager (Male) |
| 14:23 | Create | Unit 2550 |
| 14:25 | Research | Scale Mail Armor |
| 14:27 | Create | Villager (Male) |
| 14:33 | Build | House |
| 14:40 | Create | Villager (Male) |
| 14:49 | Build | Watch Tower |
| 15:03 | Create | Villager (Male) |
| 15:05 | Create | Villager (Male) |
| 15:11 | Create | Villager (Male) |
| 15:17 | Create | Villager (Male) |
| 15:26 | Research | Fletching |
| 15:32 | Build | Watch Tower |
| 15:36 | Create | Unit 2550 |
| 15:37 | Create | Villager (Male) |
| 15:48 | Build | Farm |
| 15:49 | Build | Farm |
| 16:01 | Create | Villager (Male) |
| 16:23 | Build | Farm |
| 16:25 | Build | Farm |
| 16:34 | Build | Farm |
| 16:36 | Create | Villager (Male) |
| 16:39 | Build | Farm |
| 16:48 | Build | Outpost |
| 16:49 | Create | Villager (Male) |
| 16:58 | Create | Villager (Male) |
| 17:15 | Create | Villager (Male) |
| 17:30 | Build | Farm |
| 17:38 | Build | Settlement |
| 17:40 | Build | Settlement |
| 17:42 | Create | Villager (Male) |
| 17:55 | Build | Watch Tower |
| 17:59 | Build | Watch Tower |
| 18:01 | Create | Villager (Male) |
| 18:08 | Create | Villager (Male) |
| 18:34 | Create | Villager (Male) |
| 18:51 | Build | Watch Tower |
| 18:53 | Create | Villager (Male) |
| 19:07 | Build | Watch Tower |
| 19:26 | Create | Villager (Male) |
| 19:28 | Build | Blacksmith |
| 19:31 | Build | Market |
| 20:08 | Research | Castle Age |
| 20:21 | Build | Barracks |
| 20:22 | Build | Barracks |
| 20:24 | Research | Forging |
| 20:25 | Create | Unit 2550 |
| 20:26 | Create | Villager (Male) |
| 20:35 | Create | Villager (Male) |
| 21:00 | Create | Unit 2550 |
| 21:00 | Create | Unit 2550 |
| 21:05 | Create | Villager (Male) |
| 21:16 | Create | Unit 2550 |
| 21:16 | Create | Unit 2550 |
| 21:21 | Build | Farm |
| 21:25 | Research | Gold Mining |
| 21:32 | Create | Villager (Male) |
| 21:38 | Create | Villager (Male) |
| 21:42 | Build | Watch Tower |
| 21:50 | Create | Unit 2550 |
| 21:50 | Create | Unit 2550 |
| 21:50 | Create | Villager (Male) |
| 21:58 | Build | Stone Wall |
| 22:02 | Build | Stone Wall |
| 22:03 | Build | Stone Wall |
| 22:05 | Build | Stone Wall |
| 22:12 | Create | Unit 2550 |
| 22:13 | Create | Unit 2550 |
| 22:15 | Build | Watch Tower |
| 22:18 | Build | House |
| 22:20 | Build | House |
| 22:21 | Create | Villager (Male) |
Match timeline
| 6:07 | DS_Gali · first_building Barracks |
| 7:53 | wR.Sebastian · first_building Barracks |
| 8:51 | DS_Gali · age_up feudal |
| 8:54 | wR.Sebastian · age_up feudal |
| 9:02 | wR.Sebastian · wall_segment Palisade Wall x1 |
| 9:15 | wR.Sebastian · first_building Archery Range |
| 10:29 | wR.Sebastian · wall_segment Palisade Wall x10 |
| 10:31 | wR.Sebastian · wall_segment Palisade Wall x1 |
| 10:38 | wR.Sebastian · wall_segment Palisade Wall x3 |
| 11:31 | wR.Sebastian · wall_segment Palisade Wall x1 |
| 11:37 | wR.Sebastian · wall_segment Palisade Wall x18 |
| 15:19 | wR.Sebastian · wall_segment Palisade Wall x1 |
| 15:33 | wR.Sebastian · wall_segment Palisade Wall x1 |
| 16:01 | wR.Sebastian · wall_segment Palisade Wall x1 |
| 16:02 | wR.Sebastian · wall_segment Palisade Wall x1 |
| 18:42 | wR.Sebastian · wall_segment Palisade Wall x1 |
| 18:47 | wR.Sebastian · wall_segment Palisade Wall x1 |
| 18:51 | wR.Sebastian · wall_segment Palisade Wall x1 |
| 19:12 | wR.Sebastian · age_up castle |
| 19:15 | wR.Sebastian · wall_segment Palisade Wall x2 |
| 19:43 | wR.Sebastian · wall_segment Palisade Wall x1 |
| 20:14 | wR.Sebastian · first_market_sell 100 stone |
| 20:24 | wR.Sebastian · wall_segment Palisade Wall x1 |
| 20:25 | wR.Sebastian · wall_segment Palisade Wall x1 |
| 20:39 | wR.Sebastian · wall_segment Palisade Wall x1 |
| 21:58 | DS_Gali · wall_segment Stone Wall x1 |
| 22:02 | DS_Gali · wall_segment Stone Wall x1 |
| 22:03 | DS_Gali · wall_segment Stone Wall x1 |
| 22:05 | DS_Gali · wall_segment Stone Wall x1 |
| 22:16 | wR.Sebastian · first_building Siege Workshop |
| 22:30 | DS_Gali · wall_segment Palisade Wall x1 |
| 22:33 | DS_Gali · wall_segment Palisade Wall x1 |
| 22:48 | DS_Gali · age_up castle |
| 22:54 | DS_Gali · first_market_sell 100 food |
| 23:15 | wR.Sebastian · wall_segment Palisade Wall x1 |
| 23:16 | wR.Sebastian · wall_segment Palisade Wall x1 |
| 24:18 | DS_Gali · first_building Siege Workshop |
| 24:28 | DS_Gali · wall_segment Stone Wall x1 |
| 24:30 | DS_Gali · wall_segment Palisade Wall x1 |
| 24:51 | wR.Sebastian · wall_segment Palisade Wall x1 |
| 25:36 | DS_Gali · first_market_buy 100 wood |
| 25:49 | DS_Gali · first_building Monastery |
| 27:18 | wR.Sebastian · wall_segment Palisade Wall x1 |
| 28:14 | wR.Sebastian · first_market_buy 100 stone |
| 28:19 | DS_Gali · first_building Archery Range |
| 28:35 | wR.Sebastian · first_building Castle |
| 28:51 | wR.Sebastian · wall_segment Palisade Wall x1 |
| 28:51 | wR.Sebastian · wall_segment Palisade Wall x1 |
| 28:54 | wR.Sebastian · wall_segment Palisade Wall x1 |
| 28:55 | wR.Sebastian · wall_segment Palisade Wall x2 |
| 28:55 | wR.Sebastian · wall_segment Palisade Wall x1 |
| 35:31 | DS_Gali · resign |
[ AI ANALYSIS · 1 CREDIT ]
What really happened in this match?
Wolo.gg analyzes every decision: build order, eco, micro, common mistakes by bracket. Personalized analysis on WhatsApp or Discord in 30 seconds.
Civ guide
Koreans
Perfil
Jugador #2783660